Match 42722012
Unlisted

Match 42722012
End
Selects Heavy Armor Battlegroup
Vickers Machine Gun Team
Construct Section Command Post
Dingo Light Scout Car
Infantry Section
Selects Light Vehicle Withdraw and Refit
Selects Rigorous Vehicle Training
Infantry Section
Construct Platoon Command Post
Selects Forward Repair Assembly
Unlock M3 Stuart Light Tanks
Selects Light Vehicle Withdraw and Refit
M3 Stuart Light Tank
Construct Field Infirmary
Royal Engineer Section
Infantry Section
Infantry Training
Construct Company Command Post
Grenade Package
Selects UNKNOWN (2162094)
Churchill IV Heavy Tank
Selects Radio Net
Royal Engineer Section
Armored Vehicle Training
Selects Recon Artillery
Churchill IV Heavy Tank
Churchill IV Heavy Tank
Royal Engineer Section
Unlock Towed 17-pounder Anti-tank Guns
17-pounder Anti-tank Gun Team
Unlock Bishop Self-propelled Artillery
Team Weapon Training
Royal Engineer Section
CMP 15cwt Truck
CMP 15cwt Truck
Churchill IV Heavy Tank
Old Croak
ACP Angel
SneaKerz
gb_gbg
Killerburritoss
Vishnevelatte
Durth Sheetius
Yorgun Demokrat
0
0

Comments sign in to comment!

No comments posted yet!